 Dungeon Crawl Stone Soup version 0.29-a0-334-gb41bcbb86e (webtiles) character file.

Game seed: 13077214619249269780

49 zishaf the Gusty (level 3, 0/18 HPs)
             Began as a Tengu Air Elementalist on Apr 15, 2022.
             Slain by an iguana (8 damage)
             ... on level 5 of the Dungeon.
             The game lasted 00:06:14 (2505 turns).

zishaf the Gusty (Tengu Air Elementalist)           Turns: 2505, Time: 00:06:14

Health: 0/18       AC:  2    Str:  8    XL:     3   Next: 75%
Magic:  7/7        EV: 12    Int: 17    God:
Gold:   145        SH:  0    Dex: 14    Spells: 0/6 levels left

rFire   + . .      SeeInvis .   a - +0 dagger
rCold   . . .      Faith    .   (no shield)
rNeg    . . .      Spirit   .   i - +0 robe
rPois   .          Reflect  .   (helmet restricted)
rElec   .          Harm     .   (no cloak)
rCorr   .          Rampage  .   (no gloves)
Will    .....      Clarity  +   (boots unavailable)
Stlth   ..........              (no amulet)
HPRegen 0.06/turn               (no ring)
MPRegen 0.10/turn               (no ring)

@: confused, brilliant, silenced, ambrosia-drunk
A: beak, talons 3, clarity, fire resistance 1, frail 1
a: no special abilities


You were on level 5 of the Dungeon.
You visited 1 branch of the dungeon, and saw 4 of its levels.

You collected 145 gold pieces.

Inventory:

Hand Weapons
 a - a +0 dagger (weapon)
 b - a +0 hunting sling
Missiles
 d - 66 stones
Armour
 i - a +0 robe (worn)
Scrolls
 p - a scroll of noise {unknown}
Potions
 c - a potion of mutation
 e - a potion of brilliance
 f - a potion of lignification {unknown}
 g - a potion of resistance {unknown}
 h - a potion of ambrosia
 j - 2 potions of curing
 k - a potion of magic
 m - a potion of berserk rage {unknown}


   Skills:
 + Level 1.2 Fighting
 * Level 2.7 Dodging
 - Level 2.0 Stealth
 + Level 2.0 Spellcasting
 + Level 2.3 Conjurations
 * Level 5.0 Air Magic


You couldn't memorise any spells.
You knew the following spells:

 Your Spells              Type           Power      Damage    Failure   Level
a - Shock                 Conj/Air       84%        1d8       4%          1
b - Static Discharge      Conj/Air       21%        N/A       6%          2
c - Swiftness             Air            28%        N/A       8%          3

Your spell library contained the following spells:

 Spells                   Type           Power      Damage    Failure   Level
 Airstrike                Air            14%        N/A       24%         4


Dungeon Overview and Level Annotations

Branches:
Dungeon (3/15)

Altars:

Shops:
D:2 ??

Annotations:
D:2 digging free xp, Sigmund


Innate Abilities, Weirdness & Mutations

You have a beak for a mouth.
You have claws for feet.
You possess an exceptional clarity of mind.
Your flesh is heat resistant. (rF+)
You are frail. (-10% HP)


Message History

There is a stone staircase leading up here.
A goblin and a rat come into view.
A sourceless malevolence fills the Dungeon...
You fall into a shaft and drop 2 floors!
The shaft crumbles and collapses.
You hear the hiss of flowing sand.
There is an entrance to an ossuary on this level.
Hurry and find it before the portal is buried!
Blink to where?
Press: ? - help, Dir - move target, f - you Are you sure you want to cancel this blink?
Okay, then.
As you read the scroll labelled JUBBIEHEOQ, it crumbles to dust.
It was a scroll of blinking.
As you read the scroll labelled GOK YNANYL, it crumbles to dust.
You feel strangely unstable.
It was a scroll of teleportation.
As you read the scroll labelled PIL NOLICYRUMASS, it crumbles to dust.
A profound silence engulfs you.
It was a scroll of silence.
Magic scrolls do not work when you're silenced!
You start waiting.
Your surroundings suddenly seem different. 3 gnolls come into view.
A gnoll is wielding a +2 halberd of distortion.
Found 17 gold pieces.
Found 17 stones.
An iguana comes into view.
You see here 17 stones.
a - a +0 dagger (weapon)
It was a potion of mutation.
You feel extremely strange.
You feel frail.
Your thoughts seem clearer.
You feel resistant to heat.
It was a potion of brilliance.
You feel clever all of a sudden.
It was a potion of curing.
You feel better. The gnoll hits you with a +0 flail!
Ouch! That really hurt!
* * * LOW HITPOINT WARNING * * *
It was a potion of ambrosia.
You are confused.
You feel invigorated. The gnoll closely misses you. The iguana bites you.
You closely miss the iguana. Your kick misses the iguana.
The gnoll hits you with a +0 flail. The iguana bites you!
You die...

# $.. #####
.....######...#
#..$gg....g...#
##.#.######...#
##g## #@# #l#
#.# #.# #.# #.#
... .#.


You could see an iguana and 2 gnolls.

Vanquished Creatures
  An adder (D:2)
  A dart slug (D:3)
  3 bats (D:1)
  4 endoplasms
  2 goblins (D:1)
  3 hobgoblins
  2 jackals (D:1)
  5 kobolds
  A quokka (D:2)
  4 ball pythons
  4 frilled lizards
  6 rats
36 creatures vanquished.

Vanquished Creatures (others)
  A demonic plant (D:2)
1 creature vanquished.

Grand Total: 37 creatures vanquished

Notes
Turn   | Place    | Note
-------+----------+-------------------------------------------
     0 | D:1      | zishaf the Tengu Air Elementalist began the quest for the
                  | Orb.
     0 | D:1      | Reached XP level 1. HP: 10/10 MP: 4/4
   524 | D:1      | Reached XP level 2. HP: 13/16 MP: 0/6
   527 | D:1      | Learned a level 2 spell: Static Discharge
  1143 | D:2      | Reached skill level 1 in Fighting
  1143 | D:2      | Reached XP level 3. HP: 7/20 MP: 2/7
  1443 | D:2      | Found a faded altar of an unknown god.
  1443 | D:2      | Noticed a smoke demon
  2047 | D:2      | Found Haongust's Magic Scroll Emporium.
  2099 | D:2      | Noticed Sigmund
  2362 | D:2      | Found Ecirryu's Magic Scroll Emporium.
  2459 | D:3      | Reached skill level 5 in Air Magic
  2466 | D:3      | Learned a level 3 spell: Swiftness
  2487 | D:3      | You fall into a shaft and drop 2 floors!
  2487 | D:5      | Entered Level 5 of the Dungeon
  2501 | D:5      | Gained mutation: You are frail. (-10% HP) [potion of
                  | mutation]
  2501 | D:5      | Gained mutation: You possess an exceptional clarity of
                  | mind. [potion of mutation]
  2501 | D:5      | Gained mutation: Your flesh is heat resistant. (rF+)
                  | [potion of mutation]
  2505 | D:5      | Slain by an iguana

Illustrated notes

Levels and vault maps discovered:
D:1:      minmay_arrival_up_and_down, layout_basic
D:2:      layout_basic, dreamdust_ecumenical_altar_sealed_demon, serial_shops,
          shop, shop, uniq_sigmund
D:3:      layout_rooms, mainiacjoe_overflow_cross_hatched, minitemple,
          serial_shops, nicolae_lakefront_shop
D:5:      layout_loops_ring, nemelex_dance_club_becter, enter_ossuary_5

Skill      XL: |  1  2  3 |
---------------+----------+-----
Conjurations   | 2 |  2.3
Fighting       | 1 |  1.2
Air Magic      | 5 |  5.0
Dodging        | |  2.7
Stealth        | |  2.0
Spellcasting   | |  2.0

Action                   || total
-------------------------++-------
Melee: Unarmed           ||    13
       Kick              ||     5
       Peck              ||     3
       Dagger            ||    17
 Fire: Hunting sling     ||    31
 Cast: Shock             ||    32
       Static Discharge  ||     1
  Use: Potion            ||     4
       Scroll            ||     3
 Stab: Sleeping          ||     1
Armor: Robe              ||    10
Dodge: Dodged            ||    35

Table legend: (Time is in decaauts)
 A = Elapsed time spent in this place.
 B = Non-inter-level travel time spent in this place.
 C = Inter-level travel time spent in this place.
 D = Time resting spent in this place.
 E = Time spent auto-exploring this place.
 F = Levels seen in this place.
 G = Mean time per level.
                   A        B        C        D        E       F      G
               +--------+--------+--------+--------+--------+-----+--------+
         Total |   2511 |   2416 |     95 |    808 |   1289 |   4 |  627.8 |
       Dungeon |   2511 |   2416 |     95 |    808 |   1289 |   4 |  627.8 |
               +--------+--------+--------+--------+--------+-----+--------+

Top non-repeatable levels by time:
     D:2: 1399 daAuts
     D:1: 1058 daAuts
     D:3: 36 daAuts
     D:5: 17 daAuts
